 Dungeon Crawl Stone Soup version 0.30-a0-840-ga523dec638 (webtiles) character file.

Game seed: 14265046220931588292

10745 browni3141 the Ruffian (level 11, 0/107 HPs)
             Began as a Troll Fighter on Mar 2, 2023.
             Was an Elder of Ashenzari.
             Slain by a black mamba (10 damage)
             ... on level 2 of the Lair of Beasts.
             The game lasted 00:20:23 (8809 turns).

browni3141 the Ruffian (Troll Fighter)              Turns: 8809, Time: 00:20:23

Health: 0/107      AC:  3    Str: 30    XL:     11   Next: 40%
Magic:  10/10      EV: 10    Int:  2    God:    Ashenzari [****..]
Gold:   622        SH:  9    Dex:  9    Spells: 10/10 levels left

rFire   . . .      SeeInvis +      - Unarmed
rCold   . . .      Faith    .    b - +0 kite shield of Ashenzari's Vision {Evo, Fort} (curse)
rNeg    . . .      Spirit   .    (body armour restricted)
rPois   .          Reflect  .    (helmet restricted)
rElec   .          Harm     .    H - +0 cloak of the Enlightened Burden {Melee, Elem} (curse)
rCorr   .          Rampage  .    (gloves unavailable)
Will    .....      Clarity  +    (boots unavailable)
Stlth   ++++                     z - amulet "Paranoia of Ashenzari" {Acrobat *Corrode Int-2 SInv Stlth+, Melee, Comp} (curse)
HPRegen 1.17/turn                p - ring "Share My Prison" {Slay+4, Melee, Comp} (curse)
MPRegen 0.12/turn                u - ring "Manifest Doubts" {Wiz, Elem, Range} (curse)

@: lethally poisoned (0 -> -7)
A: large, unfitting armour, claws 3, regeneration 1, shaggy fur 1, tough skin 1
a: Renounce Religion, Curse Item, Shatter the Chains


You were on level 2 of the Lair of Beasts.
You worshipped Ashenzari.
Ashenzari was greatly pleased with you.
You visited 3 branches of the dungeon, and saw 12 of its levels.
You also visited: Sewer.

You collected 622 gold pieces.

Inventory:

Missiles
 B - 2 throwing nets (quivered)
 D - 2 curare-tipped darts
Armour
 b - the cursed +0 kite shield of Ashenzari's Vision (worn) {Evo, Fort}

   It has a curse which improves the following skills: Evocations: Evocations.
   Fortitude: Armour and Shields.
 F - +0 steam dragon scales
 H - the cursed +0 cloak of the Enlightened Burden (worn) {Melee, Elem}
   (You took it off Crazy Yiuf on level 6 of the Dungeon)

   It has a curse which improves the following skills: Melee Combat: Short
   Blades, Long Blades, Axes, Maces & Flails, Polearms, Staves and Unarmed
   Combat.
   Elements:  Fire Magic, Ice Magic, Air Magic and Earth Magic.
Jewellery
 p - the cursed ring "Share My Prison" (left claw) {Slay+4, Melee, Comp}
   (You found it on level 3 of the Dungeon)

   [ring of slaying]

   Slay:      It affects your accuracy & damage with ranged weapons and melee
   (+4).
   It has a curse which improves the following skills: Melee Combat: Short
   Blades, Long Blades, Axes, Maces & Flails, Polearms, Staves and Unarmed
   Combat.
   Companions: Summonings and Necromancy.
 u - the cursed ring "Manifest Doubts" (right claw) {Wiz, Elem, Range}
   (You found it on level 3 of the Dungeon)

   [ring of wizardry]

   It improves your spell success rate.
   It has a curse which improves the following skills: Elements: Fire Magic, Ice
   Magic, Air Magic and Earth Magic.
   Ranged Combat: Ranged Weapons and Throwing.
 z - the cursed amulet "Paranoia of Ashenzari" (around neck) {Acrobat *Corrode Int-2 SInv Stlth+, Melee, Comp}
   (You acquired it on level 5 of the Dungeon)

   [amulet of the acrobat]

   It increases your evasion while moving and waiting.
   Int:       It affects your intelligence (-2).
   SInv:      It lets you see invisible.
   *Corrode:  It may corrode you when you take damage.
   Stlth:     It makes you more stealthy.
   It has a curse which improves the following skills: Melee Combat: Short
   Blades, Long Blades, Axes, Maces & Flails, Polearms, Staves and Unarmed
   Combat.
   Companions: Summonings and Necromancy.
 E - an amulet of guardian spirit
 G - a +6 ring of dexterity
 M - an amulet of the acrobat
Wands
 w - a wand of roots (16)
 C - a wand of quicksilver (3)
 J - a wand of flame (5)
 N - a wand of charming (2)
 Q - a wand of polymorph (5)
Scrolls
 e - 4 scrolls of enchant armour
 f - 2 scrolls of enchant weapon
 g - 2 scrolls of blinking
 h - 3 scrolls of noise
 k - 2 scrolls of immolation
 m - a scroll of brand weapon
 n - 7 scrolls of teleportation
 r - 2 scrolls of amnesia
 s - 2 scrolls of fear
 t - 3 scrolls of magic mapping
 y - 2 scrolls of fog
 A - a scroll of silence
 O - a scroll of vulnerability
 P - a scroll of torment
 R - a scroll of butterflies
Potions
 a - a potion of invisibility
 c - a potion of flight
 d - 2 potions of attraction
 i - 2 potions of mutation
 j - 3 potions of resistance
 l - 7 potions of curing
 o - a potion of cancellation
 q - a potion of heal wounds
 v - a potion of lignification
 x - 5 potions of haste
 I - a potion of magic
 K - 2 potions of might
 L - 2 potions of berserk rage


   Skills:
 + Level 6.6 Fighting
 - Level 5.2(7.2) Throwing
 - Level 7.0 Dodging
 + Level 5.2 Stealth
 - Level 5.9(7.9) Shields
 - Level 7.0(10.9) Unarmed Combat
 - Level 4.2(6.1) Evocations


You had 10 spell levels left.
You didn't know any spells.
Your spell library contained the following spells:

 Spells                   Type           Power      Damage    Failure   Level
 Necrotise                Necr           0%         1d4       41%         1
 Shock                    Conj/Air       0%         1d3       43%         1
 Frozen Ramparts          Ice            0%         1d1       77%         3
 Kindle Blastsparks       Fire/Tloc/Air  0%         2d10      77%         3
 Swiftness                Air            0%         N/A       77%         3
 Vampiric Draining        Necr           0%         2d6       77%         3
 Inner Flame              Hex/Fire       0%         N/A       78%         3
 Ignite Poison            Fire/Tmut/Pois 0%         N/A       80%         3
 Airstrike                Air            0%         2d(0-16)  98%         4
 Summon Ice Beast         Ice/Summ       0%         N/A       98%         4
 Flame Wave               Conj/Fire      0%         2d4       99%         4
 Ice Form                 Ice/Tmut       0%         N/A       99%         4
 Sticky Flame             Conj/Fire      0%         2d3       99%         4
 Agony                    Necr           0%         N/A       100%        5
 Freezing Cloud           Conj/Ice/Air   0%         6-21      100%        5
 Ignition                 Fire           0%         3d3       100%        8


Dungeon Overview and Level Annotations

Branches:
Dungeon (9/15)             Temple (1/1) D:7            Lair (2/5) D:9
  Swamp (0/4) Lair:2          Orc (0/2) D:9           Sewer (visited)
  Snake: Lair:2-3    Spider: Lair:2-3

Altars:
Ashenzari
Cheibriados
Dithmenos
Elyvilon
Fedhas
Gozag
Hepliaklqana
Kikubaaqudgha
Makhleb
Nemelex Xobeh
Okawaru
Qazlal
Ru
Sif Muna
Trog
Uskayaw
Vehumet
Wu Jian
Xom
Yredelemnul
Zin
The Shining One
Jiyva

Shops:
D:8 (

Annotations:
D:9 3 runed translucent doors, Pimp's ghost, novice AtFi
Lair:1 jimonade's ghost, journeyman DEHu
Lair:2 2 transporters, Pokonic1's ghost, journeyman GrFi


Innate Abilities, Weirdness & Mutations

You are too large for most types of armour.
You have claws for hands.
Your natural rate of healing is unusually fast.
You are covered in fur. (AC +1)
You have tough skin. (AC +1)


Message History

The black mamba bites you! The black mamba bites you.
You closely miss the black mamba.
The black mamba is almost dead.
You feel sick. The black mamba bites you!
You are more poisoned.
The black mamba poisons you!
You miss the black mamba.
The black mamba is almost dead.
You feel very sick. The black mamba bites you!
The black mamba closely misses you.
You are too injured to fight recklessly!
You are too injured to fight recklessly!
You miss the black mamba.
The black mamba is almost dead.
You feel very sick. You block the black mamba's attack.
The black mamba bites you.
You are more poisoned.
The black mamba poisons you!
You barely miss the black mamba.
The black mamba is almost dead.
You feel extremely sick. You block the black mamba's attack.
You scratch the black mamba.
The black mamba is almost dead.
You feel very sick. You block the black mamba's attack. x2
You closely miss the black mamba.
The black mamba is almost dead.
You feel very sick. The black mamba misses you. The black mamba bites you!
* * * LOW HITPOINT WARNING * * *
Aiming: Throw Flame
Press: ? - help, Shift-Dir - straight line, f - black mamba
Aim: a black mamba (almost dead, 57% to hit)
The puff of flame hits the black mamba.
The black mamba is almost dead.
* * * LOW HITPOINT WARNING * * *
You feel very sick. The black mamba bites you!
You die...

..#..### ,...... ,* ,, ,
......## ...P...... ,*
#......# *#..#<....# **
* #..P.#.### ##...#....#
, #..###...###...#.....#
* ,
..##..#.......#......###
, *
.##.#[##......#........#
, #*#,.#
###.............# , * ..
#$.#.....@......., *###*
###.......S...... * ***
#...##P........ * ,,
*#.....##..#.#... * *, *
#....#.#....##*.. * **,
##.........## ,. , *
#.....[.?..# *** , * *,
..... .#.... * ,, **
**,,, ,* * *, * ,


You could see a black mamba.

Vanquished Creatures
  A hydra (Lair:2)
  A two-headed ogre (D:9)
  A black mamba (Lair:1)
  Maggie (D:6)
  3 rime drakes
  3 cane toads
  2 komodo dragons
  3 trolls (D:9)
  A polar bear (Lair:2)
  Sigmund (D:6)
  A wyvern (Lair:2)
  4 yaks (Lair:1)
  A wraith (D:6)
  A steam dragon (D:7)
  2 acid dragons
  5 water moccasins
  2 black bears (D:5)
  3 orc warriors
  5 ice beasts
  An ogre (D:5)
  A wolf (D:9)
  3 centaurs
  A phantom (D:5)
  3 kobold brigands
  9 bullfrogs
  3 scorpions
  5 necrophages
  4 wights (D:8)
  3 howler monkeys
  2 bullfrog zombies (D:6)
  2 hounds
  6 jellies
  3 gnoll boudas
  Crazy Yiuf (D:6)
  4 orc priests
  3 iguanas
  3 orc wizards
  A hell rat (Sewer)
  2 bullfrog simulacra (D:6)
  7 adders
  16 gnolls
  4 river rats
  2 white imps (D:6)
  An ufetubus (D:6)
  A dart slug (D:4)
  A worm (D:3)
  26 orcs
  7 ball pythons
  4 bats
  10 endoplasms
  6 giant cockroaches
  6 goblins
  6 hobgoblins
  6 jackals (D:2)
  15 kobolds
  A quokka (D:4)
  4 frilled lizards
  12 rats
236 creatures vanquished.

Vanquished Creatures (others)
  18 fungi
  5 plants
  24 withered plants (D:6)
47 creatures vanquished.

Grand Total: 283 creatures vanquished

Notes
Turn   | Place    | Note
-------+----------+-------------------------------------------
     0 | D:1      | browni3141 the Troll Fighter began the quest for the Orb.
     0 | D:1      | Reached XP level 1. HP: 22/22 MP: 0/0
   251 | D:1      | Reached XP level 2. HP: 29/29 MP: 1/1
   691 | D:2      | Found a faded altar of an unknown god.
   872 | D:2      | Reached XP level 3. HP: 36/36 MP: 2/2
  1507 | D:3      | Found a broken altar of Ashenzari.
  1538 | D:3      | Became a worshipper of Ashenzari the Shackled
  1626 | D:3      | Reached XP level 4. HP: 44/44 MP: 3/3
  1673 | D:3      | Found a glowing drain.
  1697 | Sewer    | Entered a sewer
  1738 | Sewer    | Reached skill level 5 in Unarmed Combat
  1787 | Sewer    | Reached XP level 5. HP: 44/50 MP: 4/4
  2307 | D:4      | Noticed a centaur
  2318 | D:4      | Killed a centaur
  2319 | D:4      | Reached XP level 6. HP: 55/59 MP: 5/5
  2712 | D:4      | Reached skill level 1 in Evocations
  2746 | D:4      | Reached XP level 7. HP: 51/66 MP: 6/6
  2872 | D:4      | Reached * piety under Ashenzari
  3023 | D:5      | Entered Level 5 of the Dungeon
  3168 | D:5      | Identified a scroll of acquirement
  3210 | D:5      | Reached XP level 8. HP: 42/80 MP: 7/7
  3309 | D:5      | Found a bloodstained altar of Trog.
  3348 | D:5      | Found a hide-covered altar of Uskayaw.
  3430 | D:5      | Reached ** piety under Ashenzari
  3721 | D:5      | Reached skill level 5 in Fighting
  3812 | D:6      | Reached skill level 5 in Shields
  3854 | D:6      | Noticed Sigmund
  3918 | D:6      | Killed Sigmund
  3947 | D:6      | Found an ornate altar of the Wu Jian Council.
  3948 | D:6      | Found a snail-covered altar of Cheibriados.
  3948 | D:6      | Found a shimmering blue altar of Sif Muna.
  4030 | D:6      | Reached skill level 1 in Throwing
  4103 | D:6      | Found a runed translucent door.
  4104 | D:6      | Noticed Crazy Yiuf
  4129 | D:6      | Noticed Maggie
  4138 | D:6      | Killed Maggie
  4139 | D:6      | Reached XP level 9. HP: 76/93 MP: 8/8
  4256 | D:6      | Identified the +1 dagger of Gluttony {pain, MP+9 Str+2
                  | Int-2 SInv}
  4457 | D:6      | Killed Crazy Yiuf
  4513 | D:7      | Reached *** piety under Ashenzari
  4550 | D:7      | Found a radiant altar of Vehumet.
  4567 | D:7      | Identified the +1 mace of Due Proportion {heavy, rElec rF+
                  | Str+6 Dex-3}
  4782 | D:7      | Found a staircase to the Ecumenical Temple.
  4793 | Temple   | Entered the Ecumenical Temple
  4794 | Temple   | Acquired the amulet "Put-Me-On" {Acrobat *Corrode Int-2
                  | SInv Stlth+}
  4801 | Temple   | Reached **** piety under Ashenzari
  5361 | D:7      | Reached skill level 5 in Throwing
  5390 | D:7      | Found a sparkling altar of Nemelex Xobeh.
  5391 | D:7      | Found an opulent altar of Gozag.
  5647 | D:8      | Found Yluenom's Weapon Boutique.
  6249 | D:8      | Reached XP level 10. HP: 99/104 MP: 9/9
  6384 | D:9      | Reached skill level 5 in Dodging
  6393 | D:9      | Noticed a two-headed ogre
  6615 | D:9      | Killed a two-headed ogre
  6721 | D:9      | Reached skill level 1 in Stealth
  6932 | D:9      | Found a staircase to the Lair.
  6967 | D:9      | Found a runed translucent gate.
  6967 | D:9      | Found a runed translucent gate.
  6968 | D:9      | Found a runed translucent gate.
  6972 | D:9      | Noticed Pimp's ghost (novice AtFi)
  7090 | D:9      | Found a staircase to the Orcish Mines.
  7241 | D:9      | Found a viscous altar of Jiyva.
  7303 | Lair:1   | Entered Level 1 of the Lair of Beasts
  7308 | Lair:1   | Noticed jimonade's ghost (journeyman DEHu)
  7310 | Lair:1   | Found a runed translucent door.
  7404 | Lair:1   | Noticed a black mamba
  7406 | Lair:1   | Noticed a cane toad
  7408 | Lair:1   | Killed a black mamba
  7421 | Lair:1   | Killed a cane toad
  7460 | Lair:1   | Reached ***** piety under Ashenzari
  7603 | Lair:1   | Reached XP level 11. HP: 100/111 MP: 10/10
  8150 | Lair:2   | Identified the +3 flail of Inflation {freeze, rF- Dex+8}
  8158 | Lair:2   | Found a transporter.
  8163 | Lair:2   | Found a transporter.
  8171 | Lair:2   | Noticed Pokonic1's ghost (journeyman GrFi)
  8250 | Lair:2   | Noticed a seven-headed hydra
  8363 | Lair:2   | Killed a seven-headed hydra
  8364 | Lair:2   | Reached skill level 5 in Stealth
  8809 | Lair:2   | Slain by a black mamba

Illustrated notes

Levels and vault maps discovered:
D:1:      dpeg_arrival_castle, layout_rooms, fountainhead,
          amcnicky_mini_pool_small, chequers_serial_rivers_micro_a,
          chequers_decorated_corner, nicolae_kite_square_tiling_tiny
D:2:      layout_basic, hellmonk_ecumenical_altar_prayer_group
D:3:      layout_basic, mainiacjoe_overflow_alcove_4, portal_sewer_entry_a,
          corexii_shack, kennysheep_generic_room_7
D:4:      layout_loops_cross, serial_aquarium, aquarium_bridge_long_joined
          [aquarium_subvault_bridge, aquarium_subvault_bridge,
          aquarium_subvault_wall, aquarium_subvault_wall,
          aquarium_subvault_bridge, aquarium_subvault_wall],
          aquarium_bridge_square [aquarium_subvault_bridge,
          aquarium_subvault_window, aquarium_subvault_window,
          aquarium_subvault_wall], aquarium_window_corridor_3,
          aquarium_window_1, aquarium_window_fake, aquarium_window_corner,
          aquarium_view_2c, aquarium_view_2d, aquarium_balcony_3b,
          minmay_bisected
D:5:      nicolae_BIG_FREAKIN_CUBE, layout_basic, lemuel_doored_altar,
          mainiacjoe_overflow_concentric_impassable,
          chequers_serial_rivers_small_a
D:6:      layout_rooms, chequers_temple_overflow_statue_of_worship,
          dilly_guarded_unrand_morg, uniq_crazy_yiuf_cottage, uniq_maggie,
          uniq_sigmund
D:7:      layout_loops_corners, grunt_temple_overflow_opulence,
          fiery_altar_vehumet, temple_fountains
D:8:      layout_loops_ring, chequers_serial_rivers_small_3,
          nicolae_stop_n_shop_2, kennysheep_windowed_goal
D:9:      layout_rooms, hellmonk_lair_entry_icy, orc_0_dummy,
          gammafunk_ghost_ooze, nicolae_figureground_pulse
Temple:   nicolae_temple_bog_church
Lair:1:   layout_chaotic_city, hellmonk_ghost_happy_afterlife, serial_forest,
          infiniplex_forest_end_2, infiniplex_forest_diagonal,
          infiniplex_forest_clump_small, infiniplex_forest_straight_2,
          infiniplex_forest_clump_small, infiniplex_forest_clump_diagonal
Lair:2:   layout_layer_cave, minmay_swamp_entry_reptiles, gammafunk_ghost_hive,
          minivault_26

Skill      XL: |  1  2  3  4  5  6  7  8  9 10 11 |
---------------+----------------------------------+-----
Unarmed Combat | 3 4 5 6 7 |  7.0
Shields        | 3 4 5 |  5.9
Evocations     | 1 2 4 |  4.2
Fighting       | 4 5 6 |  6.6
Throwing       | 2 5 |  5.2
Dodging        | 4 7 |  7.0
Stealth        | 4 5 |  5.2

Action                     |  1- 3 |  4- 6 |  7- 9 | 10-12 || total
---------------------------+-------+-------+-------+-------++-------
  Melee: Unarmed           |    97 |   117 |   201 |   155 ||   570
  Throw: Throwing net      |       |       |       |     1 ||     1
 Invoke: Curse Item        |       |     1 |     4 |     1 ||     6
         Shatter the Chain |       |       |       |     1 ||     1
  Evoke: Wand              |       |       |     1 |    25 ||    26
    Use: Scroll            |     3 |       |     1 |     1 ||     5
         Potion            |       |     1 |       |       ||     1
   Stab: Sleeping          |       |       |     2 |     6 ||     8
         Distracted        |       |       |       |     1 ||     1
 Armour: Robe              |    32 |    29 |    41 |    22 ||   124
         Skin              |       |       |       |     2 ||     2
  Dodge: Dodged            |    36 |    34 |    61 |    82 ||   213
  Block: Kite shield       |    41 |    46 |    90 |    68 ||   245

Table legend: (Time is in decaauts)
 A = Elapsed time spent in this place.
 B = Non-inter-level travel time spent in this place.
 C = Inter-level travel time spent in this place.
 D = Time resting spent in this place.
 E = Time spent auto-exploring this place.
 F = Levels seen in this place.
 G = Mean time per level.
                   A        B        C        D        E       F      G
               +--------+--------+--------+--------+--------+-----+--------+
         Total |   8821 |   8547 |    274 |    301 |   6327 |  13 |  678.5 |
       Dungeon |   7057 |   6829 |    228 |    196 |   5160 |   9 |  784.1 |
        Temple |    154 |    141 |     13 |      0 |    122 |   1 |  154.0 |
          Lair |   1497 |   1464 |     33 |     86 |   1036 |   2 |  748.5 |
         Sewer |    112 |    112 |      0 |     19 |      9 |   1 |  112.0 |
               +--------+--------+--------+--------+--------+-----+--------+

Top non-repeatable levels by time:
     D:7: 940 daAuts
     D:8: 924 daAuts
     D:2: 856 daAuts
     D:5: 809 daAuts
  Lair:1: 800 daAuts
     D:9: 792 daAuts
     D:4: 748 daAuts
     D:3: 730 daAuts
  Lair:2: 696 daAuts
     D:6: 672 daAuts
     D:1: 584 daAuts
  Temple: 154 daAuts
   Sewer: 112 daAuts
